 Dungeon Crawl Stone Soup version 0.19.5 (webtiles) character file.

10866 Inarius the Blocker (level 11, -1/142 HPs)
             Began as a Minotaur Fighter on May 9, 2017.
             Was an Elder of Nemelex Xobeh.
             Slain by a seven-headed hydra (9 damage)
             ... on level 11 of the Dungeon.
             The game lasted 00:30:07 (10573 turns).

Inarius the Blocker (Minotaur Fighter)             Turns: 10573, Time: 00:30:08

Health: -1/142     AC: 20    Str: 30    XL:     11   Next: 41%
Magic:  15/15      EV:  9    Int:  7    God:    Nemelex Xobeh [****..]
Gold:   767        SH: 13    Dex: 11    Spells: 1 memorised, 8 levels left

rFire  . . .     SeeInvis .     y - +4 flail (drain)
rCold  . . .     Gourm    +     e - +5 chain mail of Resonance {Str+3 Int+3}
rNeg   + . .     Faith    .     c - +0 shield
rPois  +         Spirit   .     (helmet restricted)
rElec  .         Reflect  .     t - +2 ratskin cloak {rPois rN+ Int-1 Dex-1}
rCorr  .         Harm     .     H - +0 pair of gloves of the Vestibule of Hell {Regen+ Stlth+} (curse)
MR     .....                    (no boots)
Stlth  ..........               B - amulet of the gourmand
                                (no ring)
                                E - ring of wizardry

@: berserking, lethally poisoned (-1 -> -2), very quick
A: retaliatory headbutt, horns 2
a: Triple Draw, Deal Four, Renounce Religion


You were on level 11 of the Dungeon.
You worshipped Nemelex Xobeh.
Nemelex Xobeh was greatly pleased with you.
You were completely stuffed.

You visited 2 branches of the dungeon, and saw 13 of its levels.

You collected 767 gold pieces.

Inventory:

Hand Weapons
 y - a +4 flail of draining (weapon)
Armour
 c - a +0 shield (worn)
 e - the +5 chain mail of Resonance (worn) {Str+3 Int+3}
   (You found it on level 5 of the Dungeon)

   It affects your strength (+3).
   It affects your intelligence (+3).
 t - the +2 ratskin cloak (worn) {rPois rN+ Int-1 Dex-1}
   (You found it on level 4 of the Dungeon)

   It affects your intelligence (-1).
   It affects your dexterity (-1).
   It protects you from poison.
   It protects you from negative energy.
 D - a +0 pair of gloves
 H - the cursed +0 pair of gloves of the Vestibule of Hell (worn) {Regen+ Stlth+}
   (You found it on level 10 of the Dungeon)

   It increases your rate of regeneration.
   It makes you more stealthy.
   It has a curse placed upon it.
Jewellery
 B - an amulet of the gourmand (around neck)
 E - a ring of wizardry (left hand)
Wands
 o - a wand of polymorph (19/24)
 r - a wand of disintegration (13/24)
 M - a wand of iceblast (7/15)
 O - a wand of flame (31/48)
 R - a wand of enslavement (7/24)
Scrolls
 a - a scroll of summoning {unknown}
 i - 2 scrolls of blinking {unknown}
 j - 4 scrolls of teleportation
 k - 2 scrolls of magic mapping
 l - 3 scrolls of fear
 m - a scroll of immolation {unknown}
 n - 3 scrolls of recharging
 p - 3 scrolls of amnesia
 v - 2 scrolls of remove curse {unknown}
 G - a scroll of brand weapon {unknown}
 L - a scroll of enchant armour {unknown}
 N - 2 scrolls of random uselessness {unknown}
 S - a scroll of noise {unknown}
 X - a scroll of identify
Potions
 b - a potion of invisibility
 d - 3 potions of berserk rage
 g - a potion of ambrosia
 h - 3 potions of agility
 q - 2 potions of magic
 u - a potion of brilliance
 x - 3 potions of flight
 z - 8 potions of curing {unknown}
 C - 3 potions of resistance
 K - a potion of lignification
 U - a potion of heal wounds {unknown}
Miscellaneous
 J - an ornate deck of summoning {drawn: 7}
 Q - a legendary deck of summoning
 T - a plain deck of destruction {drawn: 1}
 V - an ornate deck of destruction
 Y - a plain deck of destruction
Comestibles
 f - 15 bread rations
 s - a royal jelly
 A - 4 meat rations
 F - 2 slices of pizza
 I - a beef jerky
 P - 4 fruits
 W - a chunk of flesh


   Skills:
 + Level 8.7 Fighting
   Level 8.3(10.4) Axes
 + Level 10.0(11.2) Maces & Flails
 + Level 8.4 Armour
 + Level 3.5 Dodging
 + Level 0.6 Stealth
 + Level 10.2 Shields
 * Level 7.5 Invocations


You had 8 spell levels left.
You knew the following spells:

 Your Spells              Type           Power        Failure   Level  Hunger
a - Swiftness             Chrm/Air       #.......     99%         2    ###....


Dungeon Overview and Level Annotations

Branches:
Dungeon (12/15)            Temple (1/1) D:4            Lair (0/6) D:8
    Orc (0/2) D:9

Altars:
Ashenzari
Cheibriados
Dithmenos
Elyvilon
Fedhas
Gozag
Hepliaklqana
Kikubaaqudgha
Makhleb
Nemelex Xobeh
Okawaru
Qazlal
Ru
Sif Muna
Trog
Uskayaw
Vehumet
Xom
Yredelemnul
The Shining One

Shops:
D:8 [   D:10 %   D:11 (


Innate Abilities, Weirdness & Mutations

You reflexively headbutt those who attack you in melee.
You have a pair of horns on your head.


Message History

Your polar bear claws the killer bee but does no damage.
Your polar bear closely misses the killer bee.
Your shield and chain mail of Resonance prevent you from hitting the killer bee.
Your headbutt misses the killer bee.
The killer bee is heavily wounded.
You feel sick. The killer bee barely misses you. You furiously retaliate!
You headbutt the killer bee. The killer bee stings you.
* * * LOW HITPOINT WARNING * * *
You block the killer bee's attack.
You thump the killer bee!
You kill the killer bee!
You block the killer bee's attack.
Your wind drake bites the seven-headed hydra.
The killer bee closely misses you.
The seven-headed hydra closely misses you.
The seven-headed hydra bites you.
* * * LOW HITPOINT WARNING * * *
The seven-headed hydra bites you!
You die...
Your body glows with a rainbow of weird colours and disappears.

######### #.......#
############## #.#####.#
#............######
#.#####.#######.##########.#.....
#.##..........#.####...###.#.....
#.##.##.####...#.................
#.##.##.# #.##.####...##..#.....
#.......####.##y####..###..#.....
####.#####....hy@Dk.........##.##
#..........##†####...##...##.#
#..#####.#.##Y# #...##...##.#
#..## #.#.##.# #)#.##...##.#
###...####.#.##.####.#.##...##.#
..#...##.RR.................##.##
..#...##.#c#§####.##)..#.........
..#..###.#.#.# #[##...#.##.#####
.........#.#.# #)##.....##.#


You could see a seven-headed hydra, 2 killer bees, a friendly catoblepas, a
friendly wind drake and a friendly polar bear.

Vanquished Creatures
  Snorg (D:11)
  A hill giant (D:11)
  A cyclops (D:11)
  A gargoyle (D:11)
  A kobold demonologist (D:11)
  2 trolls (D:11)
  A merfolk (D:9)
  Grinder (D:6)
  A blink frog (D:12)
  2 hornets
  A two-headed ogre (D:11)
  A hippogriff (D:9)
  Sigmund (D:2)
  3 wyverns
  A wraith (D:11)
  A yak (D:8)
  A warg (D:12)
  Menkaure (D:6)
  Edmund (D:6)
  A porcupine (D:12)
  4 orc warriors
  2 ice beasts (D:7)
  2 sky beasts
  2 phantoms
  A black bear (D:11)
  A boggart (D:10)
  3 centaurs
  4 ogres
  A crocodile (D:7)
  3 big kobolds
  3 bullfrogs
  3 wights (D:7)
  9 killer bees
  A howler monkey (D:4)
  A bullfrog zombie (D:6)
  3 quasits
  2 crimson imps
  A centaur zombie (D:7)
  A bullfrog skeleton (D:11)
  4 hounds
  Crazy Yiuf (D:7)
  7 orc priests
  A jelly (D:10)
  3 centaur skeletons (D:6)
  Jessica (D:3)
  3 iguanas
  10 orc wizards
  10 worker ants
  A gnoll (D:10)
  A howler monkey zombie (D:6)
  A worker ant zombie (D:10)
  14 adders
  2 shadow imps
  2 oozes
  An adder skeleton (D:7)
  5 dart slugs
  3 leopard geckos
  42 orcs
  3 ball pythons
  5 giant cockroaches
  6 goblins
  8 hobgoblins
  19 jackals
  3 quokkas
  7 bats
  13 frilled lizards
  26 kobolds
  2 quokka skeletons
  11 rats
286 creatures vanquished.

Vanquished Creatures (collateral kills)
  A hydra (D:11)
  A mottled dragon (D:12)
  A swamp drake (D:12)
  An iguana (D:12)
  An adder (D:12)
5 creatures vanquished.

Vanquished Creatures (others)
  A wyvern (D:8)
  5 yaks (D:8)
  A bullfrog zombie (D:8)
  An orc priest (D:12)
  2 ball lightnings (D:12)
  An orc (D:12)
  A kobold (D:12)
12 creatures vanquished.

Grand Total: 303 creatures vanquished

Notes
Turn   | Place    | Note
-------+----------+-------------------------------------------
     0 | D:1      | Inarius the Minotaur Fighter began the quest for the Orb.
     0 | D:1      | Reached XP level 1. HP: 19/19 MP: 0/0
   124 | D:1      | Reached XP level 2. HP: 25/27 MP: 1/1
   404 | D:1      | Reached XP level 3. HP: 33/33 MP: 2/2
  1033 | D:2      | Found a radiant altar of Vehumet.
  1119 | D:2      | Reached XP level 4. HP: 40/40 MP: 3/3
  1290 | D:2      | Noticed Sigmund
  1307 | D:2      | Killed Sigmund
  1307 | D:2      | Reached skill level 5 in Axes
  1307 | D:2      | Reached skill level 5 in Shields
  1307 | D:2      | Reached XP level 5. HP: 8/47 MP: 4/4
  1949 | D:3      | Reached XP level 6. HP: 43/53 MP: 5/5
  2338 | D:3      | Noticed Jessica
  2343 | D:3      | Killed Jessica
  2601 | D:3      | Reached skill level 5 in Fighting
  2805 | D:4      | Reached XP level 7. HP: 61/61 MP: 6/6
  2815 | D:4      | Found a staircase to the Ecumenical Temple.
  2821 | Temple   | Entered the Ecumenical Temple
  2913 | Temple   | Became a worshipper of Nemelex Xobeh the Trickster
  3091 | D:4      | Received a gift from Nemelex Xobeh
  3944 | D:5      | Entered Level 5 of the Dungeon
  3957 | D:5      | Reached skill level 5 in Armour
  4129 | D:5      | Got a smoking chain mail
  4140 | D:5      | Identified the +5 chain mail of Resonance {Str+3 Int+3} (You found it on level 5 of the Dungeon)
  4405 | D:5      | Reached skill level 1 in Dodging
  4654 | D:5      | Reached skill level 1 in Invocations
  4675 | D:5      | Reached * piety under Nemelex Xobeh
  4715 | D:6      | Noticed Grinder
  4719 | D:6      | Found a hazy altar of Hepliaklqana.
  4719 | D:6      | Noticed Edmund
  4725 | D:6      | Paralysed by Grinder for 7 turns
  4736 | D:6      | Killed Edmund
  4736 | D:6      | Reached XP level 8. HP: 63/70 MP: 7/7
  4737 | D:6      | Paralysed by Grinder for 4 turns
  4745 | D:6      | Killed Grinder
  4990 | D:6      | Found a shadowy altar of Dithmenos.
  5011 | D:6      | Reached skill level 1 in Maces & Flails
  5196 | D:6      | Noticed Menkaure
  5202 | D:6      | Killed Menkaure
  5561 | D:6      | Found a deep blue altar of Sif Muna.
  5615 | D:6      | Reached XP level 9. HP: 78/78 MP: 10/10
  5909 | D:7      | Reached ** piety under Nemelex Xobeh
  6124 | D:7      | Received a gift from Nemelex Xobeh
  6185 | D:7      | Reached skill level 5 in Maces & Flails
  6374 | D:7      | Found a runed door.
  6518 | D:7      | Noticed Crazy Yiuf
  6521 | D:7      | Killed Crazy Yiuf
  6724 | D:7      | You fall through a shaft for 2 floors!
  6773 | D:9      | Found a staircase to the Orcish Mines.
  6799 | D:8      | Reached skill level 5 in Invocations
  6837 | D:8      | Found a staircase to the Lair.
  6838 | D:8      | Found Luguz's Antique Armour Emporium.
  6877 | D:8      | Found a snail-covered altar of Cheibriados.
  7389 | D:8      | Got a creamy pearl robe
  7400 | D:8      | Identified the +2 robe of Circular Logic {Slay+5} (You found it on level 8 of the Dungeon)
  7494 | D:8      | Reached *** piety under Nemelex Xobeh
  7550 | D:8      | Reached XP level 10. HP: 86/86 MP: 13/13
  7890 | D:9      | Received a gift from Nemelex Xobeh
  8210 | D:9      | Found a deep blue altar of Sif Muna.
  8353 | D:10     | Entered Level 10 of the Dungeon
  8459 | D:10     | Got a pair of bloodstained gloves
  8470 | D:10     | Identified the cursed +0 pair of gloves of the Vestibule of Hell {Regen+ Stlth+} (You found it on level 10 of the Dungeon)
  8627 | D:10     | Received a gift from Nemelex Xobeh
  8728 | D:10     | Found Vogyhum's Food Boutique.
  8878 | D:10     | Reached **** piety under Nemelex Xobeh
  8916 | D:10     | Learned a level 2 spell: Swiftness
  9041 | D:10     | Received a gift from Nemelex Xobeh
  9490 | D:11     | Noticed a gargoyle
  9499 | D:11     | Killed a gargoyle
  9503 | D:11     | Noticed Snorg
  9519 | D:11     | Killed Snorg
  9707 | D:11     | Reached XP level 11. HP: 95/95 MP: 15/15
  9800 | D:11     | Found Yckynix's Antique Weapon Shoppe.
  9830 | D:11     | Noticed a six-headed hydra
  9840 | D:11     | Killed a seven-headed hydra
 10073 | D:11     | Reached skill level 10 in Shields
 10266 | D:12     | Received a gift from Nemelex Xobeh
 10266 | D:12     | Noticed a hill giant
 10284 | D:11     | Killed a hill giant
 10504 | D:12     | Noticed a seven-headed hydra
 10524 | D:11     | Reached skill level 10 in Maces & Flails
 10573 | D:11     | Slain by a seven-headed hydra

Skill      XL: |  1  2  3  4  5  6  7  8  9 10 11 |
---------------+----------------------------------+-----
Shields        | 4 5 6 7 8 9 10 | 10.2
Fighting       | 4 5 6 7 8 |  8.7
Armour         | 4 5 6 8 |  8.4
Axes           | 3 5 6 7 8 |  8.3
Dodging        | 1 2 3 |  3.5
Invocations    | 1 3 5 6 7 |  7.5
Maces & Flails | 3 6 8 10 | 10.0
Stealth        | |  0.6

Action                   |  1- 3 |  4- 6 |  7- 9 | 10-12 || total
-------------------------+-------+-------+-------+-------++-------
Melee: War axe           |    96 |   147 |    94 |       ||   337
       Headbutt          |     9 |    18 |    63 |    48 ||   138
       Flail             |       |       |   244 |   249 ||   493
Evoke: Deck              |       |       |     3 |    13 ||    16
  Use: Potion            |       |     1 |       |     1 ||     2
       Scroll            |       |       |    13 |     2 ||    15
 Stab: Confused          |       |       |       |     1 ||     1
  Eat: Chunk             |     1 |     5 |    33 |    10 ||    49
Armor: Scale mail        |    59 |    17 |       |       ||    76
       Chain mail        |       |    50 |   148 |   172 ||   370
Dodge: Dodged            |    38 |    30 |    91 |    98 ||   257
Block: Shield            |    55 |    73 |   184 |   201 ||   513
